 Dungeon Crawl Stone Soup version 0.28.0-43-g3370ac3207 (webtiles) character file.

Game seed: 5439503142672515095

380 rel the Cutter (level 7, 0/82 HPs)
             Began as a Human Berserker on Mar 21, 2022.
             Was a Believer of Trog.
             Slain by a gnoll
             ... wielding a +0 spear
              (1 damage)
             ... on level 4 of the Dungeon.
             The game lasted 00:09:41 (3980 turns).

rel the Cutter (Human Berserker)                    Turns: 3980, Time: 00:09:42

Health: 0/82       AC: 10    Str: 17    XL:     7   Next: 4%
Magic:  7/7        EV:  8    Int: 10    God:    Trog [**....]
Gold:   207        SH:  0    Dex: 12    Spells: 6/6 levels left

rFire   . . .      SeeInvis .   d - +2 short sword (spect)
rCold   . . .      Faith    .   (no shield)
rNeg    . . .      Spirit   .   b - +0 chain mail
rPois   .          Reflect  .   (no helmet)
rElec   .          Harm     .   a - +0 cloak
rCorr   .          Rampage  .   (no gloves)
Will    .....                   (no boots)
Stlth   ..........              (no amulet)
HPRegen 0.23/turn               (no ring)
MPRegen 0.10/turn               (no ring)

@: berserking (expiring), lethally poisoned (0 -> -17), very quick
A: no striking features
a: Renounce Religion, Berserk, Trog's Hand


You were on level 4 of the Dungeon.
You worshipped Trog.
Trog was pleased with you.
You visited 1 branch of the dungeon, and saw 4 of its levels.

You collected 207 gold pieces.

Inventory:

Hand Weapons
 d - a +2 spectral short sword (weapon)
Armour
 a - a +0 cloak (worn)
 b - a +0 chain mail (worn)
Wands
 h - a wand of digging (1)
Scrolls
 c - a scroll of teleportation
 g - a scroll of amnesia
 m - 2 scrolls of identify
Potions
 e - 4 potions of curing
 i - a potion of resistance {unknown}
 l - a potion of haste {unknown}


   Skills:
 * Level 4.5 Fighting
 + Level 5.0 Short Blades
 + Level 3.2 Armour
 + Level 3.3 Dodging
 + Level 0.9 Stealth


You had 6 spell levels left.
You didn't know any spells.
Your spell library was empty.

Dungeon Overview and Level Annotations

Branches:
Dungeon (4/15)
 Temple: D:4-7

Altars:
Ashenzari
Makhleb
Wu Jian


Message History

You feel very sick. The gnoll completely misses you.
The gnoll closely misses you.
You puncture the gnoll sergeant!
The gnoll sergeant is heavily wounded.
You feel very sick. The gnoll sergeant misses you.
The gnoll closely misses you. The gnoll barely misses you.
You closely miss the gnoll sergeant.
The gnoll sergeant is heavily wounded.
You feel very sick.
You are too berserk!
Unknown command.
You puncture the gnoll sergeant!
The gnoll sergeant is almost dead.
You feel sick.
The gnoll sergeant hits you but does no damage.
The gnoll hits you with a +0 club. The gnoll closely misses you.
You hit the gnoll sergeant.
The gnoll sergeant is almost dead.
You feel very sick.
The gnoll sergeant hits you with a +2 spear of venom!
* * * LOW HITPOINT WARNING * * *
You are lethally poisoned!
* * * LOW HITPOINT WARNING * * *
You feel very sick.
The gnoll hits you from afar with a +0 spear.
* * * LOW HITPOINT WARNING * * *
You are too berserk!
Okay, then.
You puncture the gnoll!
The gnoll is almost dead.
Your +2 spectral short sword hits the gnoll!
You kill the gnoll!
Trog accepts your kill.
* * * LOW HITPOINT WARNING * * *
You feel very sick.
The gnoll sergeant hits you from afar with a +2 spear of venom.
* * * LOW HITPOINT WARNING * * *
The gnoll hits you from afar with a +0 spear.
You die...

######.....##.......###
#..........##.......'.#
#.####..............#.#####
#.# ###.....(......#.....#
#.#### #............#####.#
#....# #............#...#.#
####.###.....#####......#.##
#.##≈≈≈≈.≈≈≈≈.#.#..(.....
######
#.##≈##≈@(##≈.#.#..##....
#....# #.##≈
##)###≈............ #....#
#.##≈ #.gg#≈≈.#)##.##....
#....# #.#
#...#≈≈............
#....####.#
#.!.#≈≈.....†######
#....'..>.#
######≈###......###
#....#######≈##≈≈≈
#≈.......#.... #...........
≈≈≈≈≈≈≈≈######.####.
#[.).##########..#####
#.........


You could see a gnoll sergeant, a gnoll and a friendly +2 spectral short sword
(summoned).

Vanquished Creatures
  An ogre (D:4)
  A wyvern zombie (D:3)
  A howler monkey (D:4)
  A hound (D:4)
  An orc wizard (D:4)
  2 hound skeletons (D:4)
  3 gnolls (D:4)
  3 adders
  A dart slug (D:4)
  3 orcs (D:4)
  3 bats
  8 endoplasms
  4 giant cockroaches
  6 goblins
  3 hobgoblins
  7 jackals
  3 quokkas
  2 ball pythons (D:2)
  A frilled lizard (D:2)
  4 kobolds
  4 rats
62 creatures vanquished.

Vanquished Creatures (others)
  3 plants (D:2)
3 creatures vanquished.

Grand Total: 65 creatures vanquished

Notes
Turn   | Place    | Note
-------+----------+-------------------------------------------
     0 | D:1      | rel the Human Berserker began the quest for the Orb.
     0 | D:1      | Reached XP level 1. HP: 18/18 MP: 1/1
   193 | D:1      | Found a faded altar of an unknown god.
   634 | D:1      | Reached XP level 2. HP: 14/24 MP: 2/2
  1168 | D:2      | Reached XP level 3. HP: 29/29 MP: 3/3
  1321 | D:2      | Reached ** piety under Trog
  1644 | D:3      | Found a broken altar of Ashenzari.
  1917 | D:3      | Reached XP level 4. HP: 34/35 MP: 4/4
  2370 | D:3      | Reached skill level 4 in Short Blades
  2370 | D:3      | Reached XP level 5. HP: 26/42 MP: 5/5
  2813 | D:3      | Found an ornate altar of the Wu Jian Council.
  3368 | D:4      | Reached XP level 6. HP: 48/48 MP: 6/6
  3842 | D:4      | Found a burning altar of Makhleb.
  3912 | D:4      | Noticed an ogre
  3920 | D:4      | Killed an ogre
  3921 | D:4      | Reached skill level 5 in Short Blades
  3971 | D:4      | Reached XP level 7. HP: 55/55 MP: 7/7
  3980 | D:4      | HP: 1/82 [gnoll sergeant/+2 spear of venom (6)]
  3980 | D:4      | Slain by a gnoll

Illustrated notes

Levels and vault maps discovered:
D:1:      lemuel_arrival_rhombus, layout_basic, basic_ecumenical_altar
D:2:      cheibrodos_old_hovel, layout_rooms, chequers_big_river, minmay_tall_x
D:3:      wad_crossroads, layout_basic, mainiacjoe_overflow_swirl
D:4:      layout_basic, lightli_temple_of_fire, lightli_minifort

Skill      XL: |  1  2  3  4  5  6 |
---------------+-------------------+-----
Short Blades   | 4 5 |  5.0
Dodging        | 3 |  3.3
Fighting       | 4 |  4.5
Armour         | 3 |  3.2
Stealth        | |  0.9

Action                   |  1- 3 |  4- 6 |  7- 9 || total
-------------------------+-------+-------+-------++-------
Melee: Short sword       |    88 |    92 |     8 ||   188
       Punch             |     2 |     1 |       ||     3
Invok: Berserk           |     1 |     2 |       ||     3
Evoke: Wand              |       |     1 |       ||     1
  Use: Scroll            |     1 |     6 |       ||     7
       Potion            |     1 |       |       ||     1
Armor: Animal skin       |     3 |       |       ||     3
       Ring mail         |    22 |    21 |       ||    43
       Chain mail        |       |    11 |     1 ||    12
Dodge: Dodged            |    57 |    51 |     7 ||   115
